 Dungeon Crawl Stone Soup version 0.31-a0-4-gefa6de2278 (webtiles) character file.

Game seed: 8301289331821224206

660 Mesmaeker13 the Insei (level 7, -10/42 (48) HPs)
             Began as an Octopode Transmuter on May 3, 2023.
             Mangled by a wight
             ... wielding a +5 halberd
              (17 damage)
             ... on level 6 of the Dungeon.
             The game lasted 00:07:07 (3986 turns).

Mesmaeker13 the Insei (Octopode Transmuter)         Turns: 3986, Time: 00:07:08

HP:   -10/42 (48)   AC:  1    Str: 10    XL:     7   Next: 56%
MP:   10/10         EV: 13    Int: 17    God:
Gold: 186           SH:  0    Dex: 18    Spells: 3/10 levels left

rFire   . .          .
                       - Unarmed
rCold   . . .        (no shield)
rNeg    . . .        (helmet restricted)
rPois   .            (no amulet)
rElec   .            n - +6 ring of dexterity
rCorr   .            (no ring)
SInv    .            (no ring)
Will    .....        (no ring)
Stlth   +++          (no ring)
HPRegen 0.27/turn    (no ring)
MPRegen 0.12/turn    (no ring)
                     (no ring)

%: no passive effects
@: lethally poisoned (-10 -> -21), about to teleport, weak-willed, marked,
heavily drained
A: almost no armour, amphibious, 8 rings, camouflage 1, gelatinous body 1,
(nimble swimmer 1), tentacles
a: no special abilities


You were on level 6 of the Dungeon.
You visited 1 branch of the dungeon, and saw 5 of its levels.
You also visited: Ossuary.

You collected 186 gold pieces.

Inventory:

Hand Weapons
 o - a +3 morningstar
Missiles
 r - 4 poisoned darts
Jewellery
 n - a +6 ring of dexterity (left tentacle)
Scrolls
 f - a scroll of acquirement {unknown}
 i - a scroll of amnesia {unknown}
 k - a scroll of poison
 m - 2 scrolls of magic mapping
 u - a scroll of noise {unknown}
Potions
 a - 2 potions of lignification
 c - a potion of mutation {unknown}
 d - 2 potions of might
 e - 4 potions of invisibility
 h - a potion of berserk rage {unknown}
 j - 4 potions of curing
 l - a potion of haste {unknown}
 v - a potion of flight {unknown}


   Skills:
 + Level 4.1 Fighting
 - Level 2.0 Dodging
 + Level 5.1 Unarmed Combat
 - Level 2.0 Spellcasting
 + Level 4.5 Transmutations
 + Level 3.1 Ice Magic


You had 3 spell levels left.
You knew the following spells:

 Your Spells              Type           Power      Damage    Failure   Level
a - Beastly Appendage     Tmut           34%        N/A       3%          1
b - Wereblood             Tmut           17%        N/A       4%          2
c - Ice Form              Ice/Tmut       14%        N/A       38%         4

Your spell library contained the following spells:

 Spells                   Type           Power      Damage    Failure   Level
 Spider Form              Tmut/Pois      9%         N/A       22%         3
 Sublimation of Blood     Necr           1%         N/A       28%         2
 Summon Ice Beast         Ice/Summ       6%         N/A       71%         4
 Summon Mana Viper        Hex/Summ       1%         N/A       99%         5
 Monstrous Menagerie      Summ           0%         N/A       100%        7
 Summon Hydra             Summ           0%         N/A       100%        7


Dungeon Overview and Level Annotations

Branches:
Dungeon (4/15)             Temple (0/1) D:6         Ossuary (visited)

Altars:

Shops:
D:1 :   D:2 [

Annotations:
D:3 exclusions: door and 4 more exclusions, Grinder


Innate Abilities, Weirdness & Mutations

You cannot wear most types of armour.
You are amphibious.
You can wear up to eight rings at the same time.
Your skin changes colour to match your surroundings (Stealth+).
Your rubbery body absorbs attacks. (AC +1, EV +1)
((You are camouflaged when in or above water. (Stealth+)))
You have tentacles for arms and can constrict up to eight enemies at once.


Message History

As you read the scroll labelled DENOVI FAMEMAU, it crumbles to dust.
Your attack snaps the hound out of its fear.
Magic quickly surges around you.
It was a scroll of vulnerability.
Flame seeps out of the hound.
The hound is engulfed in poison gas.
The hound looks even sicker.
Flame seeps out of the hound.
The wight hits you with a +3 dagger of freezing!
You feel drained. The wight freezes you.
As you read the scroll labelled IMALET LOKHLO, it crumbles to dust.
Your body is wracked with pain!
The water moccasin convulses!
The hound convulses!
Flame seeps out of the hound.
It was a scroll of torment.
The hound looks even sicker.
The wight hits you with a +3 hand axe!
* * * LOW HITPOINT WARNING * * *
The hound looks as sick as possible!
The wight closely misses you.
Okay, then.
You feel much better.
The hound explodes!
The wight hits you with a +3 hand axe!
The wight hits you with a +3 dagger of freezing!
You feel drained. The wight freezes you.
The wight hits you from afar with a +5 halberd!
* * * LOW HITPOINT WARNING * * *
You feel much better. The water moccasin closely misses you.
The wight hits you from afar with a +5 halberd.
As you read the scroll labelled IMMO OLOLOOPE, it crumbles to dust.
You feel strangely unstable.
It was a scroll of teleportation.
The water moccasin bites you! The water moccasin barely misses you.
The wight barely misses you. The wight closely misses you.
You feel much better. The water moccasin bites you.
You are poisoned.
The water moccasin poisons you!
An orc comes into view. It is wielding a +0 hand axe.
The wight hits you with a +3 hand axe!
You feel drained.
The wight hits you with a +3 dagger of freezing!
* * * LOW HITPOINT WARNING * * *
You feel drained.
* * * LOW HITPOINT WARNING * * *
The wight freezes you.
* * * LOW HITPOINT WARNING * * *
The wight hits you from afar with a +5 halberd!
You die...

,,,,,,,,,,,,,,*,,,*,*,,,,,,,*,,,,
,,,,,,,,,,,,,###.###*,,,,,,,*,,,,
,,,,,,,,,,,,,#§○.§§#*,,,,,,,*,,,,
####........,#§§.§§#*,>,,,,,*,,,,
...#........,#☼§§○§#*,,,,,,,*,,,,
.(.#........,*○○.§☼**,,,,,,,*,,,>
...#........,*,zzz,**,,,,,,,+,,,,
...#........,*##z##**,,,,,,,*,,,,
...#........,,#z@§# *,,,,,,,*****
...#........,,#S8§# *,<,,,,,*
...#........,,#☼§☼# *,,,,,,,*
...'........,,##§## *,,,,,,,*
...##+##########§####...,,,,*
...............o§§......,,,,*
...............§○○......,,,,*
...............○§§.....>,,,,*
........................,,,,*


You could see a water moccasin (weak-willed), 5 wights and an orc.

Vanquished Creatures
  A wraith (Ossuary)
  3 scorpions (D:4)
  2 hounds
  3 iguanas (D:4)
  2 orc wizards
  A mummy (Ossuary)
  3 adders
  A worm (D:2)
  2 dart slugs (D:2)
  9 orcs
  10 endoplasms
  A giant cockroach (D:1)
  10 goblins
  8 hobgoblins
  4 jackals (D:1)
  5 quokkas
  5 ball pythons
  2 bats (D:2)
  A frilled lizard (D:2)
  3 gnoll skeletons (Ossuary)
  7 kobolds
  10 kobold skeletons (Ossuary)
  12 orc skeletons (Ossuary)
  5 rats
110 creatures vanquished.

Notes
Turn   | Place    | Note
-------+----------+-------------------------------------------
     0 | D:1      | Mesmaeker13 the Octopode Transmuter began the quest for the
                  | Orb.
     0 | D:1      | Reached XP level 1. HP: 13/13 MP: 3/3
   158 | D:1      | Reached XP level 2. HP: 18/18 MP: 3/5
   161 | D:1      | Learned a level 2 spell: Wereblood
   464 | D:1      | Found Dualew's Book Emporium.
   544 | D:1      | Reached XP level 3. HP: 24/24 MP: 4/6
  1350 | D:2      | Reached XP level 4. HP: 13/29 MP: 7/7
  1503 | D:2      | Learned a level 4 spell: Ice Form
  1664 | D:2      | Found Muidut's Armour Shop.
  2015 | D:3      | Noticed Grinder
  2501 | D:3      | Reached XP level 5. HP: 30/35 MP: 5/8
  2727 | D:4      | Reached skill level 4 in Unarmed Combat
  2744 | D:4      | Reached skill level 1 in Ice Magic
  2976 | D:4      | Found a sand-covered staircase.
  2981 | Ossuary  | Entered an ossuary
  2981 | Ossuary  | Noticed a wraith
  2981 | Ossuary  | Noticed a wraith
  2981 | Ossuary  | Noticed a wraith
  3018 | Ossuary  | Reached XP level 6. HP: 42/42 MP: 7/9
  3110 | Ossuary  | Noticed a wraith
  3167 | Ossuary  | Killed a wraith
  3329 | D:4      | Reached XP level 7. HP: 47/47 MP: 7/10
  3767 | D:4      | Reached skill level 5 in Unarmed Combat
  3942 | D:4      | You fall into a shaft and drop 2 floors!
  3974 | D:6      | Found a staircase to the Ecumenical Temple.
  3986 | D:6      | Mangled by a wight

Illustrated notes

Levels and vault maps discovered:
D:1:      zaba_arrival_water, layout_basic, serial_shops,
          nicolae_book_shop_shelving, chequers_serial_rivers_large_a
D:2:      layout_loops_ring, serial_shops, nicolae_diamond_shop,
          minmay_crystal_water, minmay_misc_feat_four_crosses,
          minmay_misc_feat_chi, hangedman_decor_riveting,
          chequers_serial_rivers_micro_b, wander_ebering_terrifying_dragon_lair
D:3:      layout_loops_corners, chequers_arboretum, uniq_sigmund, uniq_grinder
D:4:      layout_loops_corners, enter_ossuary_2
D:6:      layout_gridville, minmay_temple_entry_antechambers,
          hangedman_abyss_or_decor_passed

Skill      XL: |  1  2  3  4  5  6  7 |
---------------+----------------------+-----
Fighting       | 2 3 4 |  4.1
Transmutations | 3 4 |  4.5
Unarmed Combat | 4 5 |  5.1
Ice Magic      | 1 2 3 |  3.1
Dodging        | |  2.0
Spellcasting   | |  2.0

Action                     |  1- 3 |  4- 6 |  7- 9 || total
---------------------------+-------+-------+-------++-------
  Melee: Unarmed           |    78 |   119 |    33 ||   230
         Kick              |    26 |    40 |    10 ||    76
         Constrict         |    21 |    39 |     8 ||    68
         Tentacles         |    11 |    21 |     6 ||    38
         Punch             |     2 |     6 |     1 ||     9
   Cast: Beastly Appendage |    23 |    38 |     5 ||    66
         Wereblood         |     1 |    10 |     2 ||    13
         Ice Form          |       |     1 |       ||     1
    Use: Scroll            |       |     5 |     7 ||    12
         Potion            |       |       |     3 ||     3
   Stab: Sleeping          |     3 |     8 |       ||    11
 Armour: Skin              |     3 |     8 |     2 ||    13
  Dodge: Dodged            |    35 |    62 |    20 ||   117

Table legend: (Time is in decaauts)
 A = Elapsed time spent in this place.
 B = Non-inter-level travel time spent in this place.
 C = Inter-level travel time spent in this place.
 D = Time resting spent in this place.
 E = Time spent auto-exploring this place.
 F = Levels seen in this place.
 G = Mean time per level.
                   A        B        C        D        E       F      G
               +--------+--------+--------+--------+--------+-----+--------+
         Total |   3975 |   3825 |    150 |    371 |   2412 |   6 |  662.5 |
       Dungeon |   3656 |   3506 |    150 |    371 |   2310 |   5 |  731.2 |
       Ossuary |    318 |    318 |      0 |      0 |    102 |   1 |  318.0 |
               +--------+--------+--------+--------+--------+-----+--------+

Top non-repeatable levels by time:
     D:2: 1116 daAuts
     D:1: 1061 daAuts
     D:4: 901 daAuts
     D:3: 533 daAuts
 Ossuary: 318 daAuts
     D:6: 43 daAuts
